 Dungeon Crawl Stone Soup version 0.29-a0-384-g6960b1960d (webtiles) character file.

Game seed: 10436795470455613116

300 ptdevnull the Slicer (level 6, -2/55 HPs)
             Began as a Kobold Berserker on May 7, 2022.
             Was a Believer of Trog.
             Slain by a mummy (13 damage)
             ... in an ossuary.
             The game lasted 00:11:56 (4150 turns).

ptdevnull the Slicer (Kobold Berserker)             Turns: 4150, Time: 00:11:56

Health: -2/55      AC:  4    Str: 14    XL:     6   Next: 64%
Magic:  6/6        EV: 15    Int:  9    God:    Trog [**....]
Gold:   85         SH:  0    Dex: 16    Spells: 5/5 levels left

rFire   . . .      SeeInvis .   f - +0 dagger (holy)
rCold   . . .      Faith    .   (no shield)
rNeg    . . .      Spirit   .   n - +0 animal skin
rPois   .          Reflect  .   (no helmet)
rElec   .          Harm     .   (no cloak)
rCorr   .          Rampage  .   (no gloves)
Will    .....                   k - +1 pair of boots
Stlth   ..........              p - amulet of regeneration
HPRegen 0.98/turn               (no ring)
MPRegen 0.10/turn               (no ring)

@: berserking, very quick
A: small, no large weapons, nightstalker 3
a: Renounce Religion, Berserk, Trog's Hand


You were in an ossuary.
You worshipped Trog.
Trog was pleased with you.
You visited 1 branch of the dungeon, and saw 4 of its levels.
You also visited: Ossuary.

You collected 85 gold pieces.

Inventory:

Hand Weapons
 a - a +0 dagger of venom
 b - a +0 hunting sling of freezing
 f - a +0 dagger of holy wrath (weapon)
 o - a +0 short sword
Armour
 k - a +1 pair of boots (worn)
 n - a +0 animal skin (worn)
Jewellery
 p - an amulet of regeneration (around neck)
Wands
 l - a wand of charming (15)
Scrolls
 c - a scroll of vulnerability
 g - a scroll of immolation
 h - a scroll of teleportation
 i - a scroll of enchant armour
Potions
 d - 2 potions of attraction {unknown}
 e - a potion of flight
 j - a potion of lignification {unknown}
 m - a potion of heal wounds {unknown}


   Skills:
 - Level 3.2 Fighting
 + Level 9.2 Short Blades
 - Level 1.5 Armour
 - Level 2.4 Dodging


You had 5 spell levels left.
You didn't know any spells.
Your spell library was empty.

Dungeon Overview and Level Annotations

Branches:
Dungeon (4/15)            Ossuary (1/1)
 Temple: D:4-7

Altars:
Hepliaklqana
Trog
The Shining One

Shops:
D:1 ?:*(?   D:3 [


Innate Abilities, Weirdness & Mutations

You are small and have problems with some larger weapons.
You are completely attuned to the shadows.


Message History

You destroy the gnoll zombie!
Trog accepts your kill. The mummy misses you.
You hit the mummy.
The mummy convulses.
The mummy is lightly damaged.
You hit the mummy.
The mummy convulses.
The mummy is moderately damaged.
The mummy completely misses you. The mummy hits you!
You hit the mummy.
The mummy convulses.
The mummy is heavily damaged.
You hit the mummy but do no damage. You hit the mummy.
The mummy convulses.
The mummy is severely damaged.
You hit the mummy but do no damage.
The mummy is severely damaged.
The mummy hits you.
You closely miss the mummy.
The mummy is severely damaged.
The mummy barely misses you.
You barely miss the mummy.
The mummy is severely damaged.
You hit the mummy but do no damage.
The mummy is severely damaged.
The mummy barely misses you.
You hit the mummy.
The mummy convulses.
The mummy is almost destroyed.
The mummy hits you!
A red film seems to cover your vision as you go berserk!
You feel yourself moving faster!
You feel mighty! The mummy hits you!
* * * LOW HITPOINT WARNING * * *
The mummy hits you but does no damage.
You hit the mummy.
You destroy the mummy!
Trog accepts your kill.
You barely miss the mummy. You completely miss the mummy.
You hit the mummy but do no damage. The mummy hits you.
* * * LOW HITPOINT WARNING * * *
The mummy hits you!
You die...

..........
..........
..........
#........
#ZMMM..#
##@...##
#....#
#....#
#....#
#....#
#....#
#....#
#....#
#.∩∩.#


You could see 3 mummies and a hobgoblin zombie.

Vanquished Creatures
  A kobold brigand (D:3)
  2 orc priests
  A hound (D:4)
  An orc wizard (D:4)
  A mummy (Ossuary)
  Robin (D:3)
  A worm (D:2)
  A dart slug (D:1)
  8 orcs
  6 bats
  7 endoplasms
  A giant cockroach (D:3)
  12 goblins
  8 hobgoblins
  3 kobolds
  2 quokkas (D:2)
  6 ball pythons
  5 frilled lizards
  2 gnoll zombies (Ossuary)
  2 orc zombies (Ossuary)
  4 rats
75 creatures vanquished.

Notes
Turn   | Place    | Note
-------+----------+-------------------------------------------
     0 | D:1      | ptdevnull the Kobold Berserker began the quest for the Orb.
     0 | D:1      | Reached XP level 1. HP: 14/14 MP: 1/1
    62 | D:1      | Found Yhojitra's Magic Scroll Boutique.
   281 | D:1      | Found Aleugyt's Weapon Shop.
   322 | D:1      | Found Liymn's General Store.
   335 | D:1      | Reached XP level 2. HP: 19/19 MP: 2/2
   338 | D:1      | Found Ypoereisch's Magic Scroll Shoppe.
   345 | D:1      | Found Qume's Book Shop.
   377 | D:1      | Reached skill level 5 in Short Blades
   475 | D:1      | Found a faded altar of an unknown god.
  1169 | D:2      | Reached XP level 3. HP: 22/23 MP: 3/3
  1734 | D:2      | Found a bloodstained altar of Trog.
  1828 | D:2      | You fall into a shaft and drop 1 floor!
  2209 | D:2      | Reached skill level 6 in Short Blades
  2451 | D:2      | Reached XP level 4. HP: 16/28 MP: 4/4
  2888 | D:3      | Reached ** piety under Trog
  2924 | D:3      | Noticed Robin
  2936 | D:3      | Killed Robin
  3451 | D:3      | Noticed a kobold brigand
  3453 | D:3      | Found a hazy altar of Hepliaklqana.
  3467 | D:3      | Killed a kobold brigand
  3468 | D:3      | Reached skill level 7 in Short Blades
  3468 | D:3      | Reached XP level 5. HP: 32/32 MP: 5/5
  3477 | D:3      | Found a faded altar of an unknown god.
  3532 | D:3      | Reached skill level 8 in Short Blades
  3532 | D:3      | Reached XP level 6. HP: 25/37 MP: 6/6
  3777 | D:3      | Found Laehosuj's Antique Armour Shop.
  3837 | D:3      | Found a glowing golden altar of the Shining One.
  4079 | D:4      | Found a sand-covered staircase.
  4091 | D:4      | Reached skill level 9 in Short Blades
  4110 | Ossuary  | Entered an ossuary
  4150 | Ossuary  | Slain by a mummy

Illustrated notes

Levels and vault maps discovered:
D:1:      dpeg_arrival_houses_and_road, layout_rooms, serial_shops, shop, shop,
          shop, nicolae_shop_waterfront, nicolae_shop_waterfront,
          chequers_ecumenical_altar_lobes
D:2:      layout_basic, basic_altar
D:3:      layout_basic, mainiacjoe_overflow_alcove_4,
          beargit_hepliaklqana_dungeon_heroes, serial_shops,
          nicolae_shop_hallway_plus, uniq_robin
D:4:      layout_basic, amcnicky_altar_gilded, hangedman_ru_absence,
          enter_ossuary_2, gammafunk_ghost_arena
Ossuary:  ossuary_tomb_3

Skill      XL: |  1  2  3  4  5  6 |
---------------+-------------------+-----
Short Blades   | 5 6 7 8 9 |  9.2
Fighting       | |  3.2
Armour         | |  1.5
Dodging        | |  2.4

Action                   |  1- 3 |  4- 6 || total
-------------------------+-------+-------++-------
Melee: Short sword       |    98 |     2 ||   100
       Punch             |     1 |     1 ||     2
       Dagger            |       |   154 ||   154
 Fire: Hunting sling     |       |    15 ||    15
Invok: Berserk           |     3 |     6 ||     9
Evoke: Wand              |       |     1 ||     1
  Use: Scroll            |       |     9 ||     9
 Stab: Sleeping          |    11 |       ||    11
       Distracted        |       |     1 ||     1
Armor: Animal skin       |    10 |    16 ||    26
Dodge: Dodged            |    62 |    85 ||   147

Table legend: (Time is in decaauts)
 A = Elapsed time spent in this place.
 B = Non-inter-level travel time spent in this place.
 C = Inter-level travel time spent in this place.
 D = Time resting spent in this place.
 E = Time spent auto-exploring this place.
 F = Levels seen in this place.
 G = Mean time per level.
                   A        B        C        D        E       F      G
               +--------+--------+--------+--------+--------+-----+--------+
         Total |   4147 |   3948 |    199 |   1307 |   1946 |   5 |  829.4 |
       Dungeon |   4118 |   3919 |    199 |   1307 |   1941 |   4 | 1029.5 |
       Ossuary |     28 |     28 |      0 |      0 |      5 |   1 |   28.0 |
               +--------+--------+--------+--------+--------+-----+--------+

Top non-repeatable levels by time:
     D:2: 1955 daAuts
     D:1: 1146 daAuts
     D:3: 804 daAuts
     D:4: 212 daAuts
 Ossuary: 28 daAuts
